← All builds
Suicide front / Armada / Factory first / OBSERVED BUILD

Standard suicide front

The role's default: factory first (mostly Bot Lab), pushing Rocketeer-led bot play into the middle to contest and hold the front, with an Advanced Metal Extractor around 9:36 as the natural transition.

Usually lab first (63%)

#raid #push · 1291 distinct matches · 127 players · 71% of Armada Suicide front games · team won 59% of 1529 · Recently observed

HOW TO PLAY IT

Key timing: Bot Lab by 0:20

  1. Open with mex and wind, drop Bot Lab immediately.
  2. Push out first "Centurion" as Pond's boost lands.
  3. Send "Rocketeer", "Centurion", "Pawn" mix to contest middle.
  4. Add Dragon's Teeth and Sentries to hold the line.
  5. Get Advanced Metal Extractor up as T2 nears.

Phase by phase

TYPICAL OF ITS 1291 GAMES
  1. 1
  2. 2
  3. 3
PLAY THE OPENING

Follow the example game's first 6:00 step by step: what to build now, what comes next, and where it goes. At 1× it keeps pace with your own game.

  1. 1

    Bot Lab first

    Order
    1. Bot LabBot Lab done ~0:20, middle half 0:20–0:33

    Some games also: mex (36%)

  2. 2

    Bot Lab to 5:00

    Economy
    • Metal Extractor5Mex
    • Wind Turbine4Wind
    Builders
    • Construction Bot3 Con bot
    • Lazarus2 Lazarus
    Army
    • Sentry4 Sentry
    • Rocketeer17 Rocketeer
    • Tick2 Tick
    • Centurion1 Centurion
    Other
    • Radar Tower1 Radar Tower

    Some games also: con turret (35%) · pawn (32%)

    By 5:00 in all: 5 mex · 4 wind

    The example game in this phase · 33 steps
    1. TickTickfor Suicide front
    2. Wind
    3. TickTickfor Suicide front
    4. CenturionCenturionfor Suicide front
    5. Wind
    6. CenturionCenturionfor Suicide front
    7. Wind ×2
    8. Mex
    9. LazarusLazarus
    10. Construction BotCon botfor Suicide front
    11. RocketeerRocketeerfor Suicide front
    12. Mex
    13. Con turret
    14. RocketeerRocketeer ×4for Suicide front
    15. PawnPawn ×5
    16. RocketeerRocketeerfor Suicide front
    17. Con turret
    18. RocketeerRocketeerfor Suicide front
    19. Wind ×3
    20. RocketeerRocketeer ×2for Suicide front
    21. Wind
    22. RocketeerRocketeer ×8for Suicide front
    23. Radar TowerRadar Tower
    24. RocketeerRocketeerfor Suicide front
    25. RocketeerRocketeer
    26. Construction BotCon bot
    27. RocketeerRocketeerfor Suicide front
    28. Solar
    29. RocketeerRocketeerfor Suicide front
    30. Con turret
    31. RocketeerRocketeerfor Suicide front
    32. Energy storage
    33. Advanced Bot LabAdvanced Bot Labdone 5:28
  3. 3

    5:00 to 10:00

    Economy
    • Metal Extractor1Mex
    • Wind Turbine17Wind
    Builders
    • Construction Turret2 Con turret
    • Lazarus2 Lazarus
    • Construction Bot1 Con bot
    Army
    • Sentry1 Sentry
    • Rocketeer8 Rocketeer
    • Pawn1 Pawn

    Some games also: tick (47%) · energy storage (46%) · Radar Tower (46%) · centurion (45%) · Beamer (39%)

    By 10:00 in all: 6 mex · 23 wind · 1 energy storage · 3 con turret

    The example game in this phase · 153 steps
    1. Wind
    2. SharpshooterSniper botdone 6:12
    3. Wind
    4. Mex
    5. Wind
    6. GunslingerGunslingerfor Suicide frontdone 6:52
    7. Wind
    8. SentrySentry ×2
    9. Wind
    10. SentrySentry
    11. Wind
    12. HoundHound
    13. Advanced Construction BotT2 con bot
    14. Wind ×4
    15. SentrySentry
    16. Wind
    17. Advanced Metal ExtractorT2 mexdone 7:55 · typical 9:36
    18. Wind
    19. HoundHound
    20. Advanced Metal ExtractorT2 mex
    21. SentrySentry
    22. HoundHoundfor Suicide front
    23. Wind
    24. HoundHoundfor Suicide front
    25. Wind
    26. HoundHoundfor Suicide front
    27. Wind
    28. Advanced Metal ExtractorT2 mex
    29. Mex
    30. HoundHoundfor Suicide front
    31. Mex
    32. Wind
    33. SentrySentry
    34. Radar TowerRadar Tower
    35. HoundHoundfor Suicide front
    36. Wind ×2
    37. Advanced Metal ExtractorT2 mex
    38. Wind
    39. Bot LabBot Labnot finished by 15:00
    40. HoundHoundfor Suicide front
    41. Bot LabBot Labfor Suicide frontdone 9:34
    42. HoundHoundfor Suicide front
    43. Mex
    44. TickTick
    45. HoundHoundfor Suicide front
    46. TickTick ×2
    47. PawnPawn
    48. HoundHoundfor Suicide front
    49. PawnPawnfor Suicide front
    50. Mex
    51. HoundHound ×4for Suicide front
    52. Wind
    53. ButlerButler
    54. Wind
    55. ButlerButler
    56. Advanced Metal ExtractorT2 mex
    57. ButlerButler
    58. Wind ×7
    59. Con turret
    60. Wind
    61. Con turret
    62. Wind
    63. WelderWelder
    64. Con turret
    65. Wind
    66. Con turret
    67. Radar TowerRadar Tower
    68. Wind
    69. WelderWelder
    70. Wind
    71. RattlesnakeRattlesnakedone 12:08
    72. Wind
    73. WelderWelder
    74. Wind
    75. WelderWelder
    76. Wind ×2
    77. AnemoneAnemone
    78. Wind ×2
    79. AnemoneAnemone
    80. Wind ×2
    81. Dragon's TeethDragon's Teeth ×2
    82. Wind
    83. Dragon's TeethDragon's Teeth
    84. Wind
    85. Dragon's TeethDragon's Teeth
    86. Wind
    87. Dragon's TeethDragon's Teeth
    88. Wind
    89. Dragon's TeethDragon's Teeth
    90. Metal storage
    91. Wind
    92. Dragon's TeethDragon's Teeth ×2
    93. Wind
    94. Vehicle PlantVehicle Plantdone 12:42
    95. Dragon's TeethDragon's Teeth
    96. Wind
    97. Dragon's TeethDragon's Teeth ×2
    98. Wind
    99. BlitzBlitz
    100. Vehicle PlantVehicle Plantdone 12:50
    101. Dragon's TeethDragon's Teeth ×3
    102. BlitzBlitz
    103. Dragon's TeethDragon's Teeth
    104. Wind
    105. Dragon's TeethDragon's Teeth ×2
    106. BlitzBlitz
    107. Wind
    108. Dragon's TeethDragon's Teeth ×2
    109. BlitzBlitz ×2
    110. Wind
    111. Dragon's TeethDragon's Teeth
    112. BlitzBlitz
    113. Dragon's TeethDragon's Teeth
    114. BlitzBlitz
    115. Wind
    116. BlitzBlitz
    117. Radar TowerRadar Tower
    118. BlitzBlitz
    119. Wind
    120. BlitzBlitz ×2
    121. Wind
    122. BlitzBlitz ×2
    123. Wind
    124. BlitzBlitz ×2
    125. Con turret
    126. Wind
    127. BlitzBlitz ×2
    128. Wind
    129. BlitzBlitz ×3
    130. Wind
    131. BlitzBlitz
    132. Wind
    133. BlitzBlitz ×2
    134. Wind
    135. BlitzBlitz ×3
    136. Wind
    137. Advanced Metal ExtractorT2 mex
    138. BlitzBlitz ×2
    139. Wind
    140. SentrySentry
    141. BlitzBlitz ×2
    142. Wind
    143. BlitzBlitz ×2
    144. Wind
    145. BlitzBlitz ×2
    146. Wind
    147. BlitzBlitz ×2
    148. Wind
    149. BlitzBlitz ×2
    150. Radar TowerRadar Tower
    151. BlitzBlitz
    152. Wind
    153. BlitzBlitz

Counts are medians over the build's games: half of them build more, half fewer. The example game is PlatinumBlonde's (59 OS, 27/09/2026); pick another.

Team trades

IN AT LEAST 30% OF ITS GAMES

You hand over

Nothing regular.

You get

  • Tidal Generator4 Tidal from Pondfirst at 0:10 · in 69% of games
  • Advanced Construction Bot1 T2 con bot from Geo or Techfirst at 7:30 · in 59% of games

How it plays out

Typical game of this build, running totals by minute

Metal produced

010k20k30k
0:005:0010:0015:00

metal

Enemy metal destroyed

05k10k
0:005:0010:0015:00

metal

Own metal lost

05k10k
0:005:0010:0015:00

metal

1529 games.

Show as table
ByMetal produced: This buildEnemy metal destroyed: This buildOwn metal lost: This build
1:0022600
2:0088800
3:002051180106
4:003161658496
5:00424314131026
6:00543322981789
7:00667031752710
8:00792040313619
9:00931747964495
10:001069954265316
11:001226559036054
12:001411365126830
13:001622270137536
14:001810976968373
15:002046683299249
WHAT THE NUMBERS SAY

Standard suicide front play wins slightly more than half its games with fast kills but also fast losses, matching the raw grind of the role.

  • + First kill lands by 2:04 in all games
  • + Metal produced reaches 19882 by 15:00
  • − Own metal lost hits 9208 by 15:00, near metal destroyed of 8172
  • − First unit lost as early as 2:08 in every game
THE EXAMPLE YOU ARE READING

PlatinumBlonde

59.1 OS · 27/09/2026

Open source match ↗

7 received units · includes a constructor
4772 metal received · 176710 energy received

Allied construction assistance is unknown. Timings are observations, not a promise of solo reproducibility.

Typical milestones

Bot Lab0:20Middle 50%: 0:20–0:33 · n=1522
Advanced Metal Extractor9:36Middle 50%: 8:41–10:48 · n=1128

Played most by

_X_253games of this buildPlatinumBlonde181games of this buildXad120games of this buildImmort73games of this buildwatermeloans60games of this build